 Dungeon Crawl Stone Soup version 0.14-a0-1590-g25a9b7f (webtiles) character file.

429 MirrMurr the Covert (level 6, 0/28 HPs)
             Began as a Spriggan Enchanter on Dec 23, 2013.
             Slain by Menkaure (21 damage)
             ... on Level 5 of the Dungeon.
             The game lasted 00:15:02 (3983 turns).

MirrMurr the Covert (Spriggan Enchanter)            Turns: 3983, Time: 00:15:02

HP   0/28        AC  5     Str  6      XL: 6   Next: 49%
MP  11/17        EV 18     Int 16      God:
Gold 42          SH  0     Dex 17      Spells:  3 memorised,  4 levels left

rFire  . . .     SeeInvis +     a - +1 dagger
rCold  . . .     Clarity  +     b - +1 robe
rNeg   . . .     Conserve .     (shield restricted)
rPois  +         rCorr    .     u - +1 cap
rElec  .         rRot     .     x - +0 orc cloak
SustAb . .       Spirit   .     (gloves unavailable)
rMut   .         Warding  .     (boots unavailable)
Saprov . . .     Stasis   .     n - cursed amulet of clarity
                                B - ring of flight
                                g - ring of poison resistance

@: very quick, somewhat resistant to hostile enchantments, very stealthy
A: unfitting armour, see invisible, herbivore 3, speed 3, slow metabolism 2
a: Evoke Flight


You were on level 5 of the Dungeon.
You were full.

You visited 1 branch of the dungeon, and saw 5 of its levels.

You collected 163 gold pieces.
You spent 121 gold pieces at shops.

Inventory:

Hand weapons
 a - a +1,+1 dagger (weapon)
Missiles
 d - 9 darts
 h - 4 tomahawks of returning (quivered)
Armour
 b - a +1 robe (worn)
 k - a +0 robe
 p - a cursed +0 robe
 r - a +1 wizard hat
 u - a +1 cap (worn)
 x - a +0 orcish cloak (worn)
Magical devices
 q - a wand of polymorph (5)
Comestibles
 f - 2 bread rations
 j - 3 apples
 m - a pear
Scrolls
 l - a scroll of teleportation {unknown}
 v - a scroll of curse weapon {unknown}
 y - a scroll of random uselessness {unknown}
 z - a scroll of fear {unknown}
 A - 2 scrolls of remove curse
 C - a scroll of fog
 D - 2 scrolls of identify
Jewellery
 g - a ring of poison resistance (left hand)
 n - a cursed amulet of clarity (around neck)
 B - a ring of flight (right hand)
Potions
 e - a potion of porridge
 i - a potion of restore abilities
 o - a potion of poison {unknown}
 s - a potion of confusion {unknown}
 t - 2 potions of curing {unknown}
 w - a potion of heal wounds
Books
 c - a book of Maledictions

   Spells                             Type                      Level
   *Corona                            Hexes                        1
   Sure Blade                         Hexes/Charms                 2
   *Ensorcelled Hibernation           Hexes/Ice                    2
   *Confuse                           Hexes                        3
   Enslavement                        Hexes                        4
   Invisibility                       Hexes                        6


   Skills:
 + Level 4.5 Short Blades
 - Level 1.1 Throwing
 - Level 3.0 Dodging
 + Level 8.7 Stealth
 - Level 2.6 Spellcasting
 - Level 3.6 Hexes


You had 4 spell levels left.
You knew the following spells:

 Your Spells              Type           Power        Failure   Level  Hunger
a - Ensorcelled Hibernat  Hex/Ice        #.....       17%         2    ##.....
b - Confuse               Hex            ##......     14%         3    ###....
Z - Corona                Hex            ##.....      6%          1    #......


Dungeon Overview and Level Annotations

Branches:
Dungeon (5/16)
 Temple: D:4-7

Altars:

Shops:
D:4 ?

Annotations:
D:2 Sigmund
D:5 Menkaure


Innate Abilities, Weirdness & Mutations

You are tiny and cannot use many weapons and most armour.
You have supernaturally acute eyesight.
You are a herbivore.
You cover ground extremely quickly.
You need consume almost no food.


Message History

Found a wand of polymorph.
There is an open door here.
Menkaure comes into view.
Menkaure is nearby!
A quokka comes into view.
Casting: Confuse
Confirm with . or Enter, or press ? or * to list all spells.
Aiming: Confuse
Press: ? - help, Shift-Dir - straight line, f - Menkaure
Aim: Menkaure Menkaure resists.
Menkaure's ankle releases a plume of dust as he confides, "I'm not really a mummy, you know."
Casting: Confuse
Confirm with . or Enter, or press ? or * to list all spells.
Aiming: Confuse
Press: ? - help, Shift-Dir - straight line, f/p - Menkaure
Aim: Menkaure Menkaure resists.
Menkaure hits you!
Ouch! That really hurt!
You die...

.......'.#
#....)#
.......###
#.....#
....<.[#
#.....#
.......#
####'##
####'### #.#
#.# #.# ##.#
#.# #..# #.#
###'## #@#
.....#
r.......M.....+
.....+
#######.######
.....# #/#
.....# #..
.....# ##.
.....# . .....#
.# .....# .


You could see Menkaure and a quokka.

Vanquished Creatures
  An orc wizard (D:4)
  A scorpion (D:4)
  A jelly (D:5)
  2 giant frog zombies (D:5)
  3 worker ants
  Jessica (D:3)
  The ghost of MechanicPope the Caller, a weakling DjSu (D:3)
  Terence (D:2)
  2 adders
  A giant mite (D:1)
  2 worms
  4 oozes
  14 orcs
  8 giant cockroaches
  5 hobgoblins
  5 jackals (D:1)
  A quokka (D:2)
  5 bats
  5 giant newts
  5 goblins
  A goblin skeleton (D:4)
  9 kobolds
  A quokka skeleton (D:4)
  3 rats
82 creatures vanquished.

Notes
Turn   | Place    | Note
--------------------------------------------------------------
     0 | D:1      | MirrMurr, the Spriggan Enchanter, began the quest for the Orb.
     0 | D:1      | Reached XP level 1. HP: 9/9 MP: 4/4
   235 | D:1      | Reached skill level 4 in Stealth
   319 | D:1      | Reached XP level 2. HP: 7/13 MP: 5/7
   486 | D:1      | Learned a level 2 spell: Ensorcelled Hibernation
   644 | D:1      | Reached skill level 5 in Stealth
  1304 | D:2      | Reached XP level 3. HP: 14/16 MP: 9/9
  1319 | D:2      | Learned a level 3 spell: Confuse
  1373 | D:2      | Noticed Terence
  1382 | D:2      | Killed Terence
  1489 | D:2      | Reached skill level 6 in Stealth
  1590 | D:2      | Noticed Sigmund
  1997 | D:1      | Reached XP level 4. HP: 21/21 MP: 12/12
  2591 | D:3      | Noticed Jessica
  2602 | D:3      | Killed Jessica
  2681 | D:3      | Noticed MechanicPope's ghost (weakling DjSu)
  2724 | D:3      | Killed MechanicPope's ghost
  2782 | D:3      | Reached skill level 7 in Stealth
  2782 | D:3      | Reached XP level 5. HP: 24/24 MP: 14/14
  3404 | D:4      | Found Broes' Magic Scroll Boutique.
  3414 | D:4      | Bought a scroll of fog for 22 gold pieces
  3414 | D:4      | Bought a scroll of identify for 22 gold pieces
  3414 | D:4      | Bought a scroll of identify for 22 gold pieces
  3414 | D:4      | Bought a scroll of identify for 22 gold pieces
  3414 | D:4      | Bought a scroll of remove curse for 33 gold pieces
  3707 | D:5      | Entered Level 5 of the Dungeon
  3711 | D:5      | Reached skill level 8 in Stealth
  3736 | D:5      | Reached XP level 6. HP: 28/28 MP: 17/17
  3977 | D:5      | Noticed Menkaure
  3983 | D:5      | Slain by Menkaure

Action                   |  1- 3 |  4- 6 || total
-------------------------+-------+-------++-------
Melee: Dagger            |   165 |   242 ||   407
Throw: Dart              |     5 |       ||     5
 Cast: Corona            |     1 |       ||     1
       Ensorcelled Hiber |     7 |     7 ||    14
       Confuse           |       |     5 ||     5
Evoke: Wand              |       |     1 ||     1
  Use: Scroll            |       |     9 ||     9
       Potion            |       |     5 ||     5
 Stab: Sleeping          |    10 |    16 ||    26
       Confused          |       |     4 ||     4
